 Dungeon Crawl Stone Soup version 0.28-a0-957-g42eb19b844 (webtiles) character file.

Game seed: 6986410544797836175

36 willcat the Vexing (level 3, -1/33 HPs)
             Began as an Ogre Enchanter on Dec 1, 2021.
             Was a Follower of Qazlal.
             Succumbed to a kobold's poison
             ... on level 2 of the Dungeon.
             The game lasted 00:01:19 (1198 turns).

willcat the Vexing (Ogre Enchanter)                 Turns: 1198, Time: 00:01:20

Health: -1/33      AC:  3    Str: 14    XL:     3   Next: 37%
Magic:  7/7        EV: 10    Int: 16    God:    Qazlal [*.....]
Gold:   64         SH:  2    Dex:  9    Spells: 7/7 levels left

rFire   . . .      SeeInvis .   a - +1 dagger
rCold   . . .      Faith    .   (no shield)
rNeg    . . .      Spirit   .   b - +0 robe
rPois   .          Reflect  .   (helmet restricted)
rElec   .          Harm     .   (no cloak)
rCorr   .          Rampage  .   (gloves unavailable)
Will    .....                   (boots unavailable)
Stlth   ++........              (no amulet)
HPRegen 0.11/turn               (no ring)
MPRegen 0.10/turn               (no ring)

@: lethally poisoned (-1 -> -10)
A: large, unfitting armour, tough skin 1
a: Renounce Religion


You were on level 2 of the Dungeon.
You worshipped Qazlal.
Qazlal was aware of your devotion.
You visited 1 branch of the dungeon, and saw 2 of its levels.

You collected 64 gold pieces.

Inventory:

Hand Weapons
 a - a +1 dagger (weapon)
 e - a +0 spear
Armour
 b - a +0 robe (worn)
Scrolls
 d - a scroll of torment {unknown}
 f - 2 scrolls of identify {unknown}
 g - a scroll of teleportation {unknown}
 h - a scroll of holy word {unknown}
 i - a scroll of fog {unknown}
Potions
 c - a potion of invisibility


   Skills:
 + Level 1.4 Fighting
 - Level 1.0 Short Blades
 + Level 0.7 Polearms
 + Level 2.2 Dodging
 - Level 2.2 Stealth
 - Level 2.7 Spellcasting
 - Level 2.7 Hexes
 + Level 0.7 Invocations


You had 7 spell levels left.
You didn't know any spells.
Your spell library contained the following spells:

 Spells                   Type           Power      Damage    Failure   Level
 Ensorcelled Hibernation  Hex/Ice        12%        N/A       17%         2
 Confusing Touch          Hex            11%        N/A       19%         3
 Tukima's Dance           Hex            11%        N/A       19%         3
 Dazzling Flash           Conj/Hex       12%        N/A       32%         3


Dungeon Overview and Level Annotations

Branches:
Dungeon (2/15)

Altars:
Qazlal


Innate Abilities, Weirdness & Mutations

You are too large for most types of armour.
You have tough skin. (AC +1)


Message History

The endoplasm is moderately wounded.
The endoplasm freezes you.
You are frozen.
The kobold hits you but does no damage.
You are poisoned.
You hit the endoplasm but do no damage.
The endoplasm is moderately wounded.
You feel sick. The endoplasm closely misses you.
The kobold hits you but does no damage.
You are more poisoned.
You barely miss the endoplasm.
The endoplasm is moderately wounded.
You feel very sick. The endoplasm freezes you.
You are frozen.
The kobold barely misses you.
You hit the endoplasm.
The endoplasm is heavily wounded.
You feel very sick. The endoplasm hits you. The kobold closely misses you.
You hit the endoplasm but do no damage.
The endoplasm is heavily wounded.
You feel sick. The endoplasm freezes you.
You are frozen.
The kobold hits you with a +1 dagger of venom.
You are lethally poisoned!
* * * LOW HITPOINT WARNING * * *
You feel very sick.
* * * LOW HITPOINT WARNING * * *
You feel very sick.
Okay, then.
Okay, then.
You hit the endoplasm.
You kill the endoplasm!
Qazlal accepts your kill.
* * * LOW HITPOINT WARNING * * *
You feel sick.
Unknown command.
You hit the kobold.
The kobold is moderately wounded.
You die...

#.# .. #?###?#
#.....#
##.....#
......#
#.§...#
#.....#
#K##..#
#@#...#
#.#.#.#
#.....##+#####
###...........
##.....#.##
#..#.#.†.#
##....#.###
#####...###<#
##.......# #.#


You could see a kobold.

Vanquished Creatures
  2 dart slugs (D:1)
  3 endoplasms
  2 giant cockroaches
  4 goblins (D:1)
  2 hobgoblins (D:1)
  4 kobolds (D:1)
  A quokka (D:1)
  4 ball pythons (D:1)
  3 bats (D:1)
  A frilled lizard (D:1)
  2 rats (D:1)
28 creatures vanquished.

Notes
Turn   | Place    | Note
-------+----------+-------------------------------------------
     0 | D:1      | willcat the Ogre Enchanter began the quest for the Orb.
     0 | D:1      | Reached XP level 1. HP: 16/16 MP: 3/3
    10 | D:1      | Found a faded altar of an unknown god.
    18 | D:1      | Prayed at the altar of an unknown god.
    18 | D:1      | Became a worshipper of Qazlal Stormbringer
    18 | D:1      | Reached * piety under Qazlal
   100 | D:1      | Reached skill level 1 in Short Blades
   327 | D:1      | Reached XP level 2. HP: 22/24 MP: 5/5
   543 | D:1      | Reached skill level 1 in Fighting
   740 | D:1      | Reached XP level 3. HP: 32/33 MP: 7/7
  1197 | D:2      | HP: 1/33 [poisoned by a kobold]
  1198 | D:2      | Succumbed to a kobold's poison

Illustrated notes

Levels and vault maps discovered:
D:1:      minmay_arrival_checkered_box, layout_rooms, basic_ecumenical_altar
D:2:      layout_rooms, minivault_25, kennysheep_cross_bottleneck,
          minmay_pentomino_z4

Skill      XL: |  1  2 |
---------------+-------+-----
Short Blades   | 1 |  1.0
Dodging        | 2 |  2.2
Fighting       | 1 |  1.4
Polearms       | |  0.7
Stealth        | |  2.2
Spellcasting   | |  2.7
Hexes          | |  2.7
Invocations    | |  0.7

Action                   || total
-------------------------++-------
Melee: Dagger            ||   100
Armor: Robe              ||    25
Dodge: Dodged            ||    33
Block: Other             ||     4

Table legend: (Time is in decaauts)
 A = Elapsed time spent in this place.
 B = Non-inter-level travel time spent in this place.
 C = Inter-level travel time spent in this place.
 D = Time resting spent in this place.
 E = Time spent auto-exploring this place.
 F = Levels seen in this place.
 G = Mean time per level.
                   A        B        C        D        E       F      G
               +--------+--------+--------+--------+--------+-----+--------+
         Total |   1193 |   1171 |     22 |    198 |    769 |   2 |  596.5 |
       Dungeon |   1193 |   1171 |     22 |    198 |    769 |   2 |  596.5 |
               +--------+--------+--------+--------+--------+-----+--------+

Top non-repeatable levels by time:
     D:1: 1137 daAuts
     D:2: 56 daAuts
